 Dungeon Sprint DCSS version 0.21.1-1-g345015f (webtiles) character file.

550586 VLARC the Formicid Catastrophe (level 24, -9/227 HPs)
             Began as a Formicid Fighter on Apr 10, 2018.
             Was an Elder of Qazlal.
             Killed from afar by Cerebov (40 damage)
             ... with a great blast of fire
             ... in the Dungeon (Sprint IX: "|||||||||||||||||||||||||||||").
             The game lasted 00:31:57 (7790 turns).

VLARC the Formicid Catastrophe (Formicid Fighter)   Turns: 7790, Time: 00:31:57

Health: -9/227     AC: 39    Str: 34    XL:     24   Next: 16%
Magic:  33/48      EV: 19    Int: 10    God:    Qazlal [****..]
Gold:   1989       SH: 36    Dex: 10    Spells: 77/77 levels left

rFire    + . .     SeeInvis +   x - +11 plutonium sword {*Contam Stlth-}
rCold    + + .     Gourm    .   F - +3 large shield
rNeg     . . .     Faith    .   N - +0 gold dragon scales of Action {*Corrode rPois rF+ rC+ MR+++ Regen+ Str+3}
rPois    +         Spirit   .   (helmet unavailable)
rElec    .         Reflect  .   z - +1 cloak
rCorr    .         Harm     .   E - +1 pair of gloves
MR       +++++                  s - +0 pair of boots
Stlth    +.........             c - amulet of regeneration
HPRegen  1.27/turn              A - +4 ring of protection
MPRegen  0.31/turn              k - ring of protection from cold

@: repel missiles
A: permanent stasis, dig shafts and tunnels, four strong arms, antennae 3,
camouflage 1, low mp 1, MP-powered wands, sturdy frame 1
}: 9/15 runes: decaying, serpentine, barnacled, slimy, elven, silver, golden,
abyssal, gossamer
a: Dig, Upheaval, Elemental Force, Renounce Religion


You were in the Dungeon.
You worshipped Qazlal.
Qazlal was greatly pleased with you.
You were not hungry.

You visited 1 branch You collected 1989 gold pieces.

Inventory:

Hand Weapons
 q - a +2 scimitar of flaming
 x - the +11 plutonium sword (weapon) {*Contam Stlth-}
   (You found it in the Dungeon)

   It causes magical contamination when unequipped.
   It makes you less stealthy.
 Q - a +3 sacred scourge of holy wrath
Armour
 b - a +3 plate armour
 s - a +0 pair of boots (worn)
 z - a +1 cloak (worn)
 E - a +1 pair of gloves (worn)
 F - a +3 large shield (worn)
 N - the +0 gold dragon scales of Action (worn) {*Corrode rPois rF+ rC+ MR+++ Regen+ Str+3}
   (You found it in the Dungeon)

   It affects your strength (+3).
   It protects you from fire.
   It protects you from cold.
   It protects you from poison.
   It affects your resistance to hostile enchantments.
   It increases your rate of regeneration.
   It may corrode you when you take damage.
 O - +4 gold dragon scales
 P - the +0 gold dragon scales of Lugonu's Generosity {rElec rPois rF+ rC+ Str+3}
   (You found it in the Dungeon)

   It affects your strength (+3).
   It protects you from fire.
   It protects you from cold.
   It insulates you from electricity.
   It protects you from poison.
Jewellery
 c - an amulet of regeneration (around neck)
 j - an uncursed ring of ice
 k - a ring of protection from cold (right hand)
 o - a +2 ring of evasion
 p - a +2 ring of protection
 r - the ring of Dissent {rF++ MP+9 Dex-2 Stlth+}
   (You found it in the Dungeon)

   [ring of stealth]

   It affects your dexterity (-2).
   It greatly protects you from fire.
   It affects your magic capacity (+9).
   It makes you more stealthy.
 t - an uncursed ring of fire
 A - a +4 ring of protection (left hand)
 B - a +6 ring of dexterity
 C - an uncursed ring of wizardry
 D - a +4 ring of evasion
 I - a cursed ring of stealth {unknown}
 J - the ring "Botunuoc" {rElec rPois MR+ Stlth+}
   (You found it in the Dungeon)

   [ring of protection from magic]

   It insulates you from electricity.
   It protects you from poison.
   It affects your resistance to hostile enchantments.
   It makes you more stealthy.
 K - the ring of Xom's Recklessness {MR+ Str-2 Dex+3 SInv Stlth+}
   (You found it in the Dungeon)

   [ring of see invisible]

   It affects your strength (-2).
   It affects your dexterity (+3).
   It affects your resistance to hostile enchantments.
   It lets you see invisible.
   It makes you more stealthy.
 L - the amulet of Udan {Faith rN++ Str-2}
   (You found it in the Dungeon)

   [amulet of faith]

   It allows you to gain divine favour quickly.
   It affects your strength (-2).
   It greatly protects you from negative energy.
 M - the ring of Itob Rigea {*Slow rElec rF+ rC+ Str+3}
   (You found it in the Dungeon)

   [ring of strength]

   It affects your strength (+3).
   It protects you from fire.
   It protects you from cold.
   It insulates you from electricity.
   It may slow you when you take damage.
Wands
 a - a wand of paralysis (9)
 n - a wand of acid (10)
Scrolls
 h - 4 scrolls of enchant armour
 l - 8 scrolls of remove curse
 m - 2 scrolls of amnesia
 u - 5 scrolls of identify
 v - 8 scrolls of enchant weapon
 w - 3 scrolls of fog
 y - a scroll of immolation {unknown}
 H - a scroll of fear
Potions
 d - a potion of invisibility
 e - 5 potions of curing
 g - 6 potions of heal wounds
 i - a potion of magic
 G - a potion of agility
Comestibles
 f - 9 rations
 R - 2 chunks of flesh


   Skills:
 O Level 27 Fighting
 O Level 27 Long Blades
 O Level 27 Maces & Flails
 + Level 19.7 Throwing
 O Level 27 Armour
 O Level 27 Dodging
 + Level 24.1 Stealth
 O Level 27 Shields
 - Level 7.0 Unarmed Combat
 O Level 27 Spellcasting
 O Level 27 Invocations
 O Level 27 Evocations


You had 77 spell levels left.
You didn't know any spells.

Dungeon Overview and Level Annotations

Branches:
Dungeon (1/1)

Altars:
Cheibriados
Dithmenos
Elyvilon
Fedhas
Gozag
Hepliaklqana
Kikubaaqudgha
Makhleb
Nemelex Xobeh
Okawaru
Qazlal
Ru
Sif Muna
Trog
Uskayaw
Vehumet
Wu Jian
Xom
Yredelemnul
Zin
The Shining One
Beogh
Jiyva
Lugonu

Shops:
D ![%:

Annotations:
D Cerebov, Dispater, Gloorx Vloq


Innate Abilities, Weirdness & Mutations

You cannot be hasted, slowed, berserked, paralysed or teleported.
You can dig through walls and to a lower floor.
Your four strong arms can wield two-handed weapons with a shield.
You have a pair of large antennae on your head. (SInv)
Your skin changes colour to match your surroundings (Stealth+).
Your magical capacity is low. (-10% MP)
You expend magic power (3 MP) to strengthen your wands.
Your movements are slightly less encumbered by armour. (ER -2)


Message History

You feel much better. You block the Ice Fiend's attack. x2
You block Dispater's attack.
Unknown command.
You slash Dispater!
Dispater is severely wounded.
Cerebov gestures.
You chop the Ice Fiend into pieces!!!
The Ice Fiend is almost dead.
The Ice Fiend completely misses you. You block the Ice Fiend's attack.
Gloorx Vloq moans, "Go and return not, thou dankish pigeon-egg fustilarian!"
You block Dispater's attack.
You slash the Ice Fiend!
You kill the Ice Fiend!
Gloorx Vloq calls on the powers of darkness!
Your body is wracked with pain!
* * * LOW HITPOINT WARNING * * *
Cerebov gestures at you.
A raging storm of fire appears!
The great blast of fire engulfs you! You partially resist.
You die...

▓.▓.▓)▓.▓.▓.▓'▓.▓)
▓&▓.▓'▓.▓.▓.▓.▓.▓[
▓&▓.▓.▓.▓.▓.▓.▓.▓.
▓1▓.▓.▓.▓.▓.▓.▓.▓)
▓≈▓.▓.▓.▓.▓.▓.▓.▓.
▓1▓.▓.▓.▓.▓.▓.▓.▓)
▓2▓.▓.▓.▓.▓.▓.▓.▓.
▓&▓.▓.▓.▓.▓.▓.▓.▓'
▓@▓.▓.▓.▓.▓.▓.▓.▓.
▓.▓.▓.▓.▓.▓.▓[▓.▓.
▓≈▓.▓.▓.▓.▓.▓.▓.▓§
▓.▓.▓.▓.▓.▓.▓[▓.▓.
▓.▓.▓.▓.▓.▓.▓.▓.▓.
▓.▓.▓.▓.▓.▓.▓†▓.▓†
▓.▓.▓.▓.▓)▓.▓.▓.▓†
▓.▓.▓.▓.▓)▓.▓.▓.▓†
▓.▓.▓.▓.▓)▓.▓.▓.▓'


You could see Cerebov, Dispater, Gloorx Vloq, a cacodemon and 2 Executioners.

Vanquished Creatures
  the Royal Jelly (D)
  Mnoleg (D)
  Lom Lobon (D)
  Mennas (D)
  5 orbs of fire (D)
  5 ancient liches (D)
  Boris (D)
  Sojobo (D)
  6 greater mummies (D)
  Xtahua (D)
  A caustic shrike (D)
  Geryon (D)
  A curse toe (D)
  5 golden dragons (D)
  A profane servitor (D)
  Nikola (D)
  5 electric golems (D)
  3 liches (D)
  5 tentacled monstrosities (D)
  26 Orb Guardians (D)
  3 deep elf blademasters (D)
  8 acid blobs (D)
  A quicksilver dragon (D)
  A deep elf master archer (D)
  Agnes (D)
  13 sphinxes (D)
  2 death cobs (D)
  3 tengu reavers (D)
  8 shadow dragons (D)
  Frances (D)
  Ilsuiw (D)
  7 storm dragons (D)
  2 draconian monks (D)
  3 fire giants (D)
  3 frost giants (D)
  4 nagarajas (D)
  3 deep elf sorcerers (D)
  9 azure jellies (D)
  A draconian knight (D)
  5 emperor scorpions (D)
  3 vault wardens (D)
  6 ghost moths (D)
  Aizul (D)
  2 draconian shifters (D)
  A very ugly thing (D)
  4 ironheart preservers (D)
  4 stone giants (D)
  2 green draconians (D)
  Nessos (D)
  2 deep elf demonologists (D)
  A black draconian (D)
  7 vampire knights (D)
  A spark wasp (D)
  2 yellow draconians (D)
  3 white draconians (D)
  A red draconian (D)
  3 purple draconians (D)
  An ettin (D)
  A mummy priest (D)
  11 death oozes (D)
  7 merfolk javelineers (D)
  2 yaktaur captains (D)
  A deep elf death mage (D)
  5 great orbs of eyes (D)
  3 deep elf high priests (D)
  2 merfolk impalers (D)
  5 ogre magi (D)
  3 fire dragons (D)
  A rakshasa (D)
  23 vault guards (D)
  5 naga warriors (D)
  9 hydras (D)
  A ghost crab (D)
  A merfolk aquamancer (D)
  2 centaur warriors (D)
  A catoblepas (D)
  3 merfolk avatars (D)
  A spriggan air mage (D)
  An anaconda (D)
  5 ice dragons (D)
  2 alligator snapping turtles (D)
  A deep troll shaman (D)
  2 deep troll earth magi (D)
  A tengu warrior (D)
  2 alligators (D)
  A vampire mage (D)
  9 orc high priests (D)
  A spriggan berserker (D)
  A shock serpent (D)
  An unseen horror (D)
  A glowing orange brain (shapeshifter) (D)
  A deep troll (D)
  A wizard (D)
  An ironbrand convoker (D)
  A death drake (shapeshifter) (D)
  8 orc knights (D)
  A necromancer (D)
  4 swamp dragons (D)
  A harpy (D)
  5 wolf spiders (D)
  A mana viper (D)
  2 deep elf magi (D)
  An orb spider (D)
  9 moths of wrath (D)
  An orc sorcerer (D)
  3 manticores (D)
  A cyclops (D)
  4 black mambas (D)
  3 vault sentinels (D)
  A guardian serpent (shapeshifter) (D)
  3 guardian serpents (D)
  Maurice (D)
  A smoke demon (D)
  A naga mage (D)
  5 spiny frogs (D)
  An efreet (D)
  2 yaktaurs (D)
  3 komodo dragons (D)
  4 demonic crawlers (D)
  A freezing wraith (D)
  21 guardian mummies (D)
  An ancient zyme (D)
  A troll (D)
  A troll (shapeshifter) (D)
  A wandering mushroom (D)
  3 merfolk (D)
  A tyrant leech (D)
  2 jumping spiders (D)
  A wind drake (D)
  A bog body (D)
  A hornet (shapeshifter) (D)
  A hornet (D)
  A blink frog (D)
  3 large abominations (D)
  A slime creature (D)
  A raiju (D)
  A hippogriff (D)
  2 redbacks (D)
  A yak (D)
  2 wraiths (D)
  11 spriggans (D)
  A golden eye (D)
  A hungry ghost (D)
  An insubstantial wisp (D)
  4 vampire mosquitoes (D)
  A small abomination (D)
  3 nagas (D)
  3 water moccasins (D)
  A porcupine (D)
  A floating eye (shapeshifter) (D)
  13 orc warriors (D)
  A floating eye (D)
  A swamp drake (D)
  A black bear (shapeshifter) (D)
  An ogre (D)
  2 centaurs (D)
  4 crocodiles (D)
  7 bullfrogs (D)
  A jelly (D)
  4 orc wizards (D)
  An orc priest (D)
  A worker ant (D)
  An adder (D)
  A dart slug (D)
  5 orcs (D)
  2 bat skeletons (D)
  A quokka (D)
  3 bats (D)
  A jackal skeleton (D)
  A kobold (D)
  A quokka zombie (D)
509 creatures vanquished.

Vanquished Creatures (others)
  A swamp dragon (D)
  A tyrant leech (D)
  A black bear (D)
3 creatures vanquished.

Grand Total: 512 creatures vanquished

Notes
Turn   | Place    | Note
-------+----------+-------------------------------------------
     0 | D        | VLARC the Formicid Fighter began the quest for the Orb.
     0 | D        | Reached XP level 1. HP: 18/18 MP: 1/1
    18 | D        | Reached XP level 2. HP: 24/25 MP: 2/2
    24 | D        | Noticed an ogre
    24 | D        | Noticed a centaur
    39 | D        | Killed a centaur
    39 | D        | Reached skill level 5 in Fighting
    39 | D        | Reached skill level 5 in Armour
    39 | D        | Reached XP level 3. HP: 25/34 MP: 3/3
    39 | D        | Reached XP level 4. HP: 30/40 MP: 4/4
    43 | D        | Killed an ogre
    43 | D        | Reached skill level 5 in Long Blades
    43 | D        | Reached XP level 5. HP: 36/47 MP: 5/5
    50 | D        | Found a roughly hewn altar of Beogh.
    50 | D        | Found a snail-covered altar of Cheibriados.
    50 | D        | Found a shadowy altar of Dithmenos.
    50 | D        | Found a white marble altar of Elyvilon.
    50 | D        | Found a blossoming altar of Fedhas.
    50 | D        | Found an opulent altar of Gozag.
    51 | D        | Found a hazy altar of Hepliaklqana.
    52 | D        | Found a viscous altar of Jiyva.
    53 | D        | Found an ancient bone altar of Kikubaaqudgha.
    54 | D        | Found a corrupted altar of Lugonu.
    55 | D        | Found a burning altar of Makhleb.
    56 | D        | Found a sparkling altar of Nemelex Xobeh.
    57 | D        | Found an iron altar of Okawaru.
    58 | D        | Found a stormy altar of Qazlal.
    59 | D        | Found a sacrificial altar of Ru.
    60 | D        | Found a deep blue altar of Sif Muna.
    61 | D        | Found a bloodstained altar of Trog.
    62 | D        | Found a hide-covered altar of Uskayaw.
    63 | D        | Found a radiant altar of Vehumet.
    64 | D        | Found an ornate altar of the Wu Jian Council.
    65 | D        | Found a shimmering altar of Xom.
    66 | D        | Became a worshipper of Qazlal Stormbringer
    67 | D        | Found a basalt altar of Yredelemnul.
    68 | D        | Found a glowing silver altar of Zin.
    69 | D        | Found a glowing golden altar of the Shining One.
   138 | D        | Noticed a wraith
   138 | D        | Noticed a bullfrog
   141 | D        | Reached XP level 6. HP: 49/55 MP: 6/6
   145 | D        | Reached * piety under Qazlal
   159 | D        | Killed a wraith
   159 | D        | Reached XP level 7. HP: 40/62 MP: 6/10
   160 | D        | Reached ** piety under Qazlal
   284 | D        | Noticed a deep elf mage
   284 | D        | Noticed a manticore
   284 | D        | Noticed a wraith
   284 | D        | Noticed an unseen horror
   284 | D        | Noticed an efreet
   289 | D        | Killed a deep elf mage
   289 | D        | Reached skill level 5 in Invocations
   301 | D        | Killed an efreet
   301 | D        | Reached skill level 10 in Shields
   301 | D        | Reached XP level 8. HP: 33/71 MP: 7/12
   306 | D        | Killed an unseen horror
   306 | D        | Reached skill level 10 in Fighting
   306 | D        | Reached skill level 10 in Armour
   312 | D        | Killed a wraith
   312 | D        | Reached *** piety under Qazlal
   321 | D        | Killed a manticore
   321 | D        | Reached XP level 9. HP: 31/79 MP: 9/15
   645 | D        | Noticed a spiny frog
   645 | D        | Noticed a spiny frog
   645 | D        | Noticed a hippogriff
   645 | D        | Noticed a komodo dragon
   674 | D        | Killed a komodo dragon
   679 | D        | Killed a hippogriff
   679 | D        | Reached **** piety under Qazlal
   679 | D        | Reached skill level 10 in Long Blades
   685 | D        | Killed a spiny frog
   690 | D        | Killed a spiny frog
   690 | D        | Reached skill level 10 in Invocations
   690 | D        | Reached XP level 10. HP: 53/89 MP: 17/17
   717 | D        | Reached ***** piety under Qazlal
   937 | D        | Noticed a komodo dragon
   937 | D        | Noticed a black mamba
   940 | D        | Noticed a komodo dragon
   945 | D        | Killed a black mamba
   963 | D        | Killed a komodo dragon
   963 | D        | Reached skill level 5 in Dodging
   974 | D        | Killed a komodo dragon
   976 | D        | Reached ****** piety under Qazlal
  1236 | D        | Noticed a spiny frog
  1238 | D        | Killed a spiny frog
  1242 | D        | Reached XP level 11. HP: 98/98 MP: 11/20
  1334 | D        | Noticed Maurice
  1352 | D        | Killed Maurice
  1413 | D        | Noticed an orc high priest
  1425 | D        | Killed an orc high priest
  1490 | D        | Noticed an orc knight
  1502 | D        | Killed an orc knight
  1507 | D        | Noticed an orc sorcerer
  1518 | D        | Killed an orc sorcerer
  1628 | D        | Found Lodobo's Book Boutique.
  1628 | D        | Noticed an orc high priest
  1628 | D        | Noticed an orc knight
  1628 | D        | Noticed an orc high priest
  1628 | D        | Noticed an orc knight
  1628 | D        | Noticed an orc high priest
  1629 | D        | Killed an orc knight
  1629 | D        | Killed an orc high priest
  1629 | D        | Killed an orc high priest
  1629 | D        | Killed an orc high priest
  1629 | D        | Reached skill level 15 in Fighting
  1629 | D        | Reached XP level 12. HP: 96/109 MP: 22/22
  1630 | D        | Noticed an orc high priest
  1631 | D        | Found Ysaptego's Food Shop.
  1632 | D        | Noticed an orc high priest
  1633 | D        | Found Qihublef's Antique Armour Boutique.
  1636 | D        | Killed an orc high priest
  1641 | D        | Killed an orc high priest
  1641 | D        | Reached skill level 15 in Invocations
  1641 | D        | Reached skill level 10 in Dodging
  1642 | D        | Noticed an orc high priest
  1648 | D        | Killed an orc high priest
  1650 | D        | Noticed an orc high priest
  1655 | D        | Killed an orc high priest
  1661 | D        | Noticed an orc high priest
  1690 | D        | Killed an orc high priest
  1978 | D        | Found Azaofulepnil's Distillery.
  2097 | D        | Found the +4 arc blade {discharge, rElec}
  2100 | D        | Found the +11 plutonium sword {*Contam Stlth-}
  2280 | D        | Noticed a centaur warrior
  2281 | D        | Noticed an ogre mage
  2291 | D        | Noticed a deep troll earth mage
  2298 | D        | Noticed an ice dragon
  2300 | D        | Killed an ogre mage
  2300 | D        | Reached skill level 15 in Long Blades
  2300 | D        | Killed a deep troll earth mage
  2300 | D        | Killed an ice dragon
  2300 | D        | Reached XP level 13. HP: 116/119 MP: 25/25
  2303 | D        | Noticed a great orb of eyes
  2303 | D        | Killed a centaur warrior
  2305 | D        | Noticed an ice dragon
  2317 | D        | Killed a great orb of eyes
  2327 | D        | Killed an ice dragon
  2570 | D        | Noticed Nessos
  2578 | D        | Killed Nessos
  2662 | D        | Noticed a ghost crab
  2662 | D        | Noticed a purple very ugly thing
  2670 | D        | Killed a ghost crab
  2674 | D        | Killed a purple very ugly thing
  2690 | D        | Noticed a merfolk avatar
  2690 | D        | Noticed an alligator snapping turtle
  2692 | D        | Killed a merfolk avatar
  2694 | D        | Noticed an alligator snapping turtle
  2714 | D        | Killed an alligator snapping turtle
  2723 | D        | Killed an alligator snapping turtle
  2834 | D        | Noticed a naga warrior
  2834 | D        | Noticed a naga warrior
  2836 | D        | Noticed an anaconda
  2839 | D        | Killed an anaconda
  2839 | D        | Killed a naga warrior
  2839 | D        | Reached XP level 14. HP: 130/130 MP: 27/27
  2874 | D        | Noticed a spark wasp
  2888 | D        | Killed a spark wasp
  3053 | D        | Noticed Aizul
  3089 | D        | Killed Aizul
  3451 | D        | Noticed a stone giant
  3454 | D        | Noticed a frost giant
  3462 | D        | Killed a stone giant
  3464 | D        | Killed a frost giant
  3469 | D        | Noticed a fire giant
  3476 | D        | Noticed a tengu reaver
  3483 | D        | Killed a fire giant
  3488 | D        | Noticed a stone giant
  3491 | D        | Killed a tengu reaver
  3501 | D        | a stone giant changed into an alligator snapping turtle
  3509 | D        | Noticed a fire giant
  3509 | D        | an alligator snapping turtle changed into a fire giant
  3513 | D        | Killed a fire giant
  3726 | D        | Noticed an ironheart preserver
  3726 | D        | Noticed an ironheart preserver
  3727 | D        | Reached XP level 15. HP: 143/143 MP: 29/29
  3727 | D        | Killed an ironheart preserver
  3731 | D        | Killed an ironheart preserver
  3733 | D        | Noticed a vault warden
  3739 | D        | Noticed a stone giant
  3744 | D        | Noticed a fire giant
  3751 | D        | Killed a fire giant
  3754 | D        | Noticed a quicksilver dragon
  3754 | D        | a vault warden changed into a quicksilver dragon
  3757 | D        | Killed a quicksilver dragon
  3763 | D        | Killed a stone giant
  3770 | D        | Noticed a vault warden
  3798 | D        | Killed a vault warden
  4117 | D        | Noticed a vault warden
  4133 | D        | Killed a vault warden
  4362 | D        | Noticed Nikola
  4363 | D        | Noticed a tengu reaver
  4366 | D        | Noticed a tengu reaver
  4366 | D        | Killed a tengu reaver
  4368 | D        | Noticed Sojobo
  4368 | D        | Killed Nikola
  4370 | D        | Killed a tengu reaver
  4372 | D        | Killed Sojobo
  4461 | D        | Noticed an emperor scorpion
  4461 | D        | Noticed an emperor scorpion
  4461 | D        | Noticed an emperor scorpion
  4465 | D        | Noticed a ghost moth
  4469 | D        | Killed an emperor scorpion
  4471 | D        | Noticed an emperor scorpion
  4477 | D        | Killed a ghost moth
  4477 | D        | Reached XP level 16. HP: 157/157 MP: 16/32
  4503 | D        | Noticed an azure jelly
  4503 | D        | an emperor scorpion changed into an azure jelly
  4507 | D        | Killed an azure jelly
  4523 | D        | Got a gossamer rune of Zot
  4612 | D        | Noticed Ilsuiw
  4623 | D        | Killed Ilsuiw
  4654 | D        | Got a barnacled rune of Zot
  4685 | D        | Got a decaying rune of Zot
  4737 | D        | Noticed a nagaraja
  4738 | D        | Noticed a nagaraja
  4739 | D        | Killed a nagaraja
  4739 | D        | Killed a nagaraja
  4743 | D        | Noticed a nagaraja
  4745 | D        | Noticed a nagaraja
  4749 | D        | Killed a nagaraja
  4751 | D        | Killed a nagaraja
  4751 | D        | Reached XP level 17. HP: 148/171 MP: 28/34
  4763 | D        | Reached skill level 27 in Invocations
  4772 | D        | Got a serpentine rune of Zot
  4796 | D        | Noticed Boris
  4797 | D        | Noticed Xtahua
  4798 | D        | Noticed Frances
  4800 | D        | Killed Frances
  4800 | D        | Killed Xtahua
  4807 | D        | Killed Boris
  4820 | D        | Noticed Agnes
  4831 | D        | Killed Agnes
  4913 | D        | Reached skill level 27 in Fighting
  4988 | D        | Reached skill level 27 in Long Blades
  5010 | D        | Reached skill level 15 in Shields
  5053 | D        | Noticed a lich
  5053 | D        | Noticed a sphinx
  5055 | D        | Killed a lich
  5055 | D        | Reached skill level 15 in Armour
  5055 | D        | Killed a sphinx
  5079 | D        | Noticed a shadow dragon
  5080 | D        | Reached XP level 18. HP: 182/182 MP: 33/35
  5097 | D        | Reached skill level 15 in Dodging
  5158 | D        | Noticed a golden dragon
  5165 | D        | Killed a golden dragon
  5227 | D        | Got a silver rune of Zot
  5316 | D        | Got the ring of Dissent {rF++ MP+9 Dex-2 Stlth+}
  5318 | D        | Got the ring "Botunuoc" {rElec rPois MR+ Stlth+}
  5320 | D        | Got the ring of Xom's Recklessness {MR+ Str-2 Dex+3 SInv Stlth+}
  5322 | D        | Got the amulet of Udan {Faith rN++ Str-2}
  5324 | D        | Got the ring of Itob Rigea {*Slow rElec rF+ rC+ Str+3}
  5353 | D        | Got the +0 gold dragon scales of Action {*Corrode rPois rF+ rC+ MR+++ Regen+ Str+3}
  5418 | D        | Got the +0 gold dragon scales of Lugonu's Generosity {rElec rPois rF+ rC+ Str+3}
  5487 | D        | Noticed Mennas
  5523 | D        | Killed Mennas
  5571 | D        | Noticed a caustic shrike
  5577 | D        | Killed a caustic shrike
  5620 | D        | Noticed a golden dragon
  5622 | D        | Killed a golden dragon
  5639 | D        | Reached XP level 19. HP: 188/189 MP: 34/36
  5695 | D        | Noticed an electric golem
  5695 | D        | Noticed an orb of fire
  5711 | D        | Gained mutation: Your skin changes colour to match your surroundings (Stealth+). [an orb of fire]
  5715 | D        | Killed an orb of fire
  5722 | D        | Killed an electric golem
  5839 | D        | Noticed a golden dragon
  5846 | D        | Killed a golden dragon
  5873 | D        | Noticed a golden dragon
  5873 | D        | Noticed a tentacled monstrosity
  5875 | D        | Killed a golden dragon
  5879 | D        | Killed a tentacled monstrosity
  6017 | D        | Noticed a tentacled monstrosity
  6017 | D        | Noticed a tentacled monstrosity
  6018 | D        | Noticed a tentacled monstrosity
  6019 | D        | Killed a tentacled monstrosity
  6019 | D        | Reached skill level 27 in Shields
  6022 | D        | Killed a tentacled monstrosity
  6022 | D        | Reached XP level 20. HP: 197/197 MP: 21/37
  6025 | D        | Killed a tentacled monstrosity
  6169 | D        | Reached skill level 27 in Armour
  6195 | D        | Noticed a tentacled monstrosity
  6196 | D        | Killed a tentacled monstrosity
  6203 | D        | Reached skill level 27 in Dodging
  6203 | D        | Reached skill level 1 in Unarmed Combat
  6203 | D        | Reached skill level 1 in Spellcasting
  6210 | D        | Reached skill level 5 in Maces & Flails
  6210 | D        | Reached skill level 5 in Spellcasting
  6217 | D        | Noticed an orb of fire
  6217 | D        | Noticed an ancient lich
  6228 | D        | Killed an ancient lich
  6241 | D        | Gained mutation: Your magical capacity is low. (-10% MP) [an orb of fire]
  6242 | D        | Gained mutation: Your movements are slightly less encumbered by armour. (ER -2) [an orb of fire]
  6247 | D        | Killed an orb of fire
  6247 | D        | Reached skill level 10 in Maces & Flails
  6317 | D        | Noticed an electric golem
  6320 | D        | Noticed an electric golem
  6320 | D        | Noticed an electric golem
  6320 | D        | Noticed an electric golem
  6320 | D        | Noticed a golden dragon
  6320 | D        | Noticed an orb of fire
  6323 | D        | Noticed an orb of fire
  6325 | D        | Killed an electric golem
  6325 | D        | Killed an electric golem
  6325 | D        | Killed a golden dragon
  6325 | D        | Reached XP level 21. HP: 204/204 MP: 25/34
  6325 | D        | Killed an electric golem
  6325 | D        | Killed an electric golem
  6326 | D        | Killed an orb of fire
  6326 | D        | Killed an ancient lich
  6332 | D        | Noticed an orb of fire
  6334 | D        | Gained mutation: You expend magic power (3 MP) to strengthen your wands. [an orb of fire]
  6337 | D        | Killed an orb of fire
  6342 | D        | Noticed a curse toe
  6342 | D        | Killed an orb of fire
  6343 | D        | Noticed an ancient lich
  6344 | D        | Killed a curse toe
  6363 | D        | Killed an ancient lich
  6541 | D        | Reached XP level 22. HP: 181/212 MP: 44/44
  6710 | D        | Noticed an ancient lich
  6716 | D        | Noticed an ancient lich
  6720 | D        | Killed an ancient lich
  6723 | D        | Killed an ancient lich
  6850 | D        | Reached skill level 27 in Maces & Flails
  6850 | D        | Reached skill level 27 in Spellcasting
  6856 | D        | Reached skill level 5 in Evocations
  6874 | D        | Reached skill level 10 in Evocations
  6893 | D        | Got an elven rune of Zot
  6914 | D        | Reached skill level 15 in Evocations
  6923 | D        | Noticed the Royal Jelly
  6928 | D        | Killed the Royal Jelly
  6928 | D        | Reached XP level 23. HP: 217/219 MP: 33/48
  6998 | D        | Got a slimy rune of Zot
  7133 | D        | Reached skill level 27 in Evocations
  7133 | D        | Reached skill level 5 in Unarmed Combat
  7237 | D        | Reached skill level 5 in Stealth
  7237 | D        | Reached skill level 5 in Throwing
  7338 | D        | Noticed a greater mummy
  7338 | D        | Noticed a greater mummy
  7338 | D        | Noticed a greater mummy
  7338 | D        | Noticed a greater mummy
  7338 | D        | Noticed a greater mummy
  7339 | D        | Killed a greater mummy
  7340 | D        | Killed a greater mummy
  7340 | D        | Reached skill level 10 in Throwing
  7341 | D        | Killed a greater mummy
  7341 | D        | Reached skill level 15 in Stealth
  7341 | D        | Killed a greater mummy
  7344 | D        | Killed a greater mummy
  7372 | D        | Noticed a greater mummy
  7419 | D        | Killed a greater mummy
  7419 | D        | Reached skill level 15 in Throwing
  7582 | D        | Got a golden rune of Zot
  7586 | D        | Noticed a profane servitor
  7602 | D        | Killed a profane servitor
  7616 | D        | Got an abyssal rune of Zot
  7742 | D        | Noticed Geryon
  7756 | D        | Killed Geryon
  7758 | D        | Noticed Mnoleg
  7758 | D        | Noticed Dispater
  7759 | D        | Noticed Lom Lobon
  7770 | D        | Killed Mnoleg
  7770 | D        | Reached XP level 24. HP: 219/219 MP: 28/48
  7772 | D        | Noticed Cerebov
  7772 | D        | Killed Lom Lobon
  7777 | D        | Noticed Gloorx Vloq
  7790 | D        | Killed from afar by Cerebov

Skill      XL: |  1  2  3  4  5  6  7  8  9 10 11 12 13 14 15 16 17 18 19 20 21 22 23 24 |
---------------+-------------------------------------------------------------------------+-----
Shields        | 4 6 7 9 10 11 14 17 22 27 | 27.0
Fighting       | 5 6 7 8 9 10 11 13 15 16 18 20 23 25 27 | 27.0
Long Blades    | 4 5 6 7 8 9 10 12 13 15 16 19 21 23 27 | 27.0
Armour         | 5 6 7 8 9 10 11 13 15 21 25 27 | 27.0
Invocations    | 4 6 8 10 12 14 16 18 21 24 26 27 | 27.0
Dodging        | 3 6 9 11 12 14 18 22 27 | 27.0
Unarmed Combat | 1 7 |  7.0
Spellcasting   | 13 23 27 | 27.0
Maces & Flails | 13 23 27 | 27.0
Throwing       | 2 18 19 | 19.7
Evocations     | 21 27 | 27.0
Stealth        | 22 24 | 24.1

Action                   |  1- 3 |  4- 6 |  7- 9 | 10-12 | 13-15 | 16-18 | 19-21 | 22-24 || total
-------------------------+-------+-------+-------+-------+-------+-------+-------+-------++-------
Melee: Long sword        |    27 |     5 |       |       |       |       |       |       ||    32
       Scimitar          |       |    21 |    76 |   193 |       |       |       |       ||   290
       Triple sword      |       |       |       |    19 |   214 |   306 |   259 |   236 ||  1034
Invok: Upheaval          |       |       |     1 |     4 |    11 |     4 |     2 |     8 ||    30
       Disaster Area     |       |       |       |     6 |    11 |    13 |    13 |    21 ||    64
  Use: Potion            |     1 |       |     2 |     3 |    12 |       |     5 |     7 ||    30
  Eat: Chunk             |       |       |       |     3 |     3 |     3 |     4 |     1 ||    14
       Ration            |       |       |       |     1 |     1 |       |       |     1 ||     3
Armor: Scale mail        |    16 |       |       |       |       |       |       |       ||    16
       Plate armour      |       |    11 |    25 |    32 |    42 |    32 |       |       ||   142
       Gold dragon scale |       |       |       |       |       |    17 |    34 |    26 ||    77
Dodge: Dodged            |     9 |     7 |    12 |    25 |    41 |    45 |    46 |    25 ||   210
       Deflected         |       |       |       |       |     3 |     3 |     7 |     3 ||    16
Block: Shield            |    12 |    10 |    41 |   101 |       |       |       |       ||   164
       Large shield      |       |       |       |    25 |   208 |   297 |   228 |   224 ||   982
       Rpst.: Long sword |     3 |       |       |       |       |       |       |       ||     3
       Scimitar          |       |     1 |     2 |     8 |       |       |       |       ||    11
       Triple sword      |       |       |       |     1 |     7 |     5 |     4 |     6 ||    23
